 Dungeon Crawl Stone Soup version 0.28.0 (webtiles) character file.

Game seed: 8210524937974477237

23 croobank the Digger (level 2, -2/20 HPs)
             Began as a Hill Orc Earth Elementalist on Feb 18, 2022.
             Slain by Terence (12 damage)
             ... on level 2 of the Dungeon.
             The game lasted 00:04:20 (1253 turns).

croobank the Digger (Hill Orc Earth Elementalist)   Turns: 1253, Time: 00:04:21

Health: -2/20      AC:  2    Str: 10    XL:     2   Next: 95%
Magic:  3/4        EV: 12    Int: 15    God:
Gold:   1023       SH:  0    Dex: 11    Spells: 1/4 levels left

rFire   . . .      SeeInvis .   a - +0 war axe
rCold   . . .      Faith    .   (no shield)
rNeg    . . .      Spirit   .   b - +0 robe
rPois   .          Reflect  .   (no helmet)
rElec   .          Harm     .   (no cloak)
rCorr   .          Rampage  .   (no gloves)
Will    .....                   (no boots)
Stlth   ++........              (no amulet)
HPRegen 0.06/turn               (no ring)
MPRegen 0.09/turn               (no ring)

@: flying
A: no striking features
a: no special abilities


You were on level 2 of the Dungeon.
You visited 1 branch of the dungeon, and saw 2 of its levels.

You collected 1023 gold pieces.

Inventory:

Hand Weapons
 a - a +0 war axe (weapon)
 e - a +0 hand axe
Missiles
 c - 15 stones
 f - 29 sling bullets
 g - 3 poisoned darts (quivered)
 i - 32 arrows
Armour
 b - a +0 robe (worn)
Potions
 d - a potion of flight


   Skills:
 + Level 1.8 Dodging
 + Level 1.9 Stealth
 + Level 1.8 Spellcasting
 + Level 1.0 Transmutations
 + Level 3.2 Earth Magic


You had one spell level left.
You knew the following spells:

 Your Spells              Type           Power      Damage    Failure   Level
a - Sandblast             Erth           22%        2d7       6%          1
b - Passwall              Tmut/Erth      5%         N/A       14%         2

Your spell library contained the following spells:

 Spells                   Type           Power      Damage    Failure   Level
 Stone Arrow              Conj/Erth      12%        3d7       34%         3
 Petrify                  Tmut/Erth      7%         N/A       67%         4


Dungeon Overview and Level Annotations

Branches:
Dungeon (2/15)

Altars:
Ru

Annotations:
D:2 Terence


Message History

It was a potion of flight.
You feel very buoyant.
You fly up into the air.
The kobold shouts!
The kobold throws a stone.
The stone closely misses you.
Casting: Sandblast (safe; 6% risk of failure)
Confirm with . or Enter, or press ? or * to list all spells.
Aiming: Sandblast (safe; 6% risk of failure)
Press: ? - help, Shift-Dir - straight line, f - kobold
Aim: a kobold, wielding a +0 club and quivering stones (74% to hit)
The blast of sand hits the kobold but does no damage.
c - 16 stones The kobold hits you but does no damage.
You closely miss the kobold. The kobold hits you but does no damage.
The kobold barely misses you.
You slash the kobold!
You kill the kobold!
You hit the endoplasm but do no damage. The endoplasm freezes you.
You are frozen.
You hit the endoplasm.
The endoplasm is lightly wounded.
The endoplasm freezes you.
You are frozen.
The endoplasm closely misses you.
You hit the endoplasm.
You kill the endoplasm!
You hit Terence.
Terence is lightly wounded.
Terence barely misses you. Terence completely misses you.
Casting: Sandblast (safe; 6% risk of failure)
Confirm with . or Enter, or press ? or * to list all spells.
Aiming: Sandblast (safe; 6% risk of failure)
Press: ? - help, Shift-Dir - straight line, f - Terence
Aim: Terence, wielding a +0 morningstar and wearing a +0 ring mail (lightly wounded, 82% to hit)
The blast of sand hits Terence but does no damage.
Terence is lightly wounded.
c - 15 stones Terence hits you with a +0 morningstar!
Ouch! That really hurt!
You die...

........
......########
..... .......
#.K.##.......
###...#........w.
#@+...#..........
###@#...#..........
#..................
#.....#.#......_...
#.....w.##.........
#....w...#........#
#........#.<....#
#........#........#
#........#...#.....


You could see Terence, a worm and a dart slug.

Vanquished Creatures
  2 dart slugs (D:1)
  2 ball pythons (D:1)
  A bat (D:1)
  2 endoplasms
  2 giant cockroaches (D:1)
  A goblin (D:1)
  3 hobgoblins (D:1)
  A frilled lizard (D:1)
  2 kobolds
  A rat (D:1)
17 creatures vanquished.

Notes
Turn   | Place    | Note
-------+----------+-------------------------------------------
     0 | D:1      | croobank the Hill Orc Earth Elementalist began the quest
                  | for the Orb.
     0 | D:1      | Reached XP level 1. HP: 14/14 MP: 3/3
   358 | D:1      | Reached XP level 2. HP: 11/20 MP: 2/4
   361 | D:1      | Learned a level 2 spell: Passwall
   497 | D:1      | Found a faded altar of an unknown god.
   541 | D:1      | Identified a scroll of acquirement
   541 | D:1      | Acquired 1006 gold pieces
   739 | D:1      | Reached skill level 1 in Transmutations
  1233 | D:2      | Noticed Terence
  1233 | D:2      | Found a sacrificial altar of Ru.
  1253 | D:2      | Slain by Terence

Illustrated notes

Levels and vault maps discovered:
D:1:      heliophobic_arrival_ceremonial_halls, layout_loops_ring,
          shapermc_ecumenical_altar_ellora, grunt_decor_junction
D:2:      layout_basic, basic_altar, uniq_terence

Skill      XL: |  1  2 |
---------------+-------+-----
Transmutations | 1 |  1.0
Dodging        | |  1.8
Stealth        | |  1.9
Spellcasting   | |  1.8
Earth Magic    | |  3.2

Action                   || total
-------------------------++-------
Melee: Unarmed           ||    26
       Hand axe          ||     8
       War axe           ||     7
 Cast: Sandblast         ||    15
  Use: Scroll            ||     4
       Potion            ||     1
 Stab: Sleeping          ||     2
Armor: Robe              ||     6
Dodge: Dodged            ||    29
